← All builds
Front / Cortex / Economy first / OBSERVED BUILD

Standard front

Cortex Front build order · Supreme Isthmus

The role's default economy-first play: Bot Lab right away, Advanced Metal Extractor around 9:12, transitioning into the usual Thug/Grunt/Aggravator mix to hold the wider gap and feed the middle.

#eco #defence · 188 distinct matches · 64 players · 62% of Cortex Front games · team won 45% of 191 · Recently observed

HOW TO PLAY IT

Key timing: Bot Lab by 0:40

  1. Take 3 mex, then wind before opening Bot Lab.
  2. Finish Bot Lab, start producing Thug, Grunt and Aggravator.
  3. Send early units to coast first to stop leaks, not straight to mid.
  4. Add Twin Guard and Radar Tower to hold the wider gap.
  5. Bring Advanced Metal Extractor online as army transitions to T2.

Phase by phase

TYPICAL OF ITS 188 GAMES
  1. 1
  2. 2
  3. 3
PLAY THE OPENING

Follow the example game's first 6:00 step by step: what to build now, what comes next, and where it goes. At 1× it keeps pace with your own game.

  1. 1

    Up to the Bot Lab

    Economy
    • Metal Extractor2Mex
    Order
    1. Bot LabBot Lab after 2 mex, 1 winddone ~0:40, middle half 0:33–0:46

    Some games also: wind (49%)

    By 0:24 in all: 2 mex

    The example game in this phase · 3 steps
    1. Mex ×2
    2. Wind ×2
    3. Bot LabBot Labdone 0:42 · typical 0:40
  2. 2

    Bot Lab to 5:00

    Economy
    • Metal Extractor4Mex
    • Wind Turbine4Wind
    Builders
    • Construction Bot3 Con bot
    • Graverobber2 Graverobber
    Army
    • Guard2 Guard
    • Thug7 Thug
    • Aggravator5 Aggravator
    • Grunt4 Grunt

    Some games also: con turret (41%) · Radar Tower (35%)

    By 5:00 in all: 6 mex · 5 wind

    The example game in this phase · 27 steps
    1. Wind
    2. GruntGrunt ×3
    3. Wind
    4. GruntGrunt ×2
    5. Construction BotCon bot
    6. GraverobberGraverobber
    7. Mex
    8. Construction BotCon bot
    9. ThugThug ×4
    10. Mex
    11. ThugThug
    12. Mex
    13. GraverobberGraverobber
    14. ThugThug
    15. Mex
    16. ThugThug ×3
    17. Mex
    18. ThugThug
    19. GraverobberGraverobber
    20. ThugThug ×2
    21. GuardGuard
    22. ThugThug ×3
    23. Mex
    24. Construction BotCon bot
    25. GuardGuard
    26. ThugThug ×2
    27. GuardGuard
  3. 3

    5:00 to 10:00

    Economy
    • Metal Extractor1Mex
    • Wind Turbine17Wind
    Builders
    • Construction Turret2 Con turret
    • Graverobber2 Graverobber
    • Construction Bot2 Con bot
    Army
    • Guard1 Guard
    • Grunt7 Grunt
    • Thug2 Thug

    Some games also: aggravator (49%) · energy storage (41%) · Radar Tower (38%) · Twin Guard (36%) · converter (35%)

    By 10:00 in all: 7 mex · 24 wind · 3 con turret

    The example game in this phase · 63 steps
    1. ThugThug ×3
    2. GuardGuard
    3. GraverobberGraverobber ×2
    4. ThugThug
    5. GuardGuard
    6. GraverobberGraverobber
    7. ThugThug ×3
    8. GuardGuard
    9. ThugThug ×2
    10. GuardGuard
    11. MaceMace
    12. ThugThug
    13. SentrySentry
    14. ThugThug ×3
    15. Construction BotCon bot ×2
    16. ThugThug ×2
    17. GraverobberGraverobber
    18. ThugThug ×6
    19. Advanced Metal ExtractorT2 mexdone 10:04 · typical 9:12
    20. ThugThug
    21. GuardGuard
    22. ThugThug
    23. GuardGuard
    24. GraverobberGraverobber
    25. ThugThug
    26. GuardGuard
    27. ThugThug ×3
    28. Radar TowerRadar Tower
    29. GruntGrunt ×3
    30. Advanced Metal ExtractorT2 mex
    31. GruntGrunt
    32. GuardGuard
    33. GruntGrunt ×4
    34. GuardGuard
    35. GruntGrunt ×2
    36. GuardGuard
    37. GruntGrunt ×8
    38. Advanced Metal ExtractorT2 mex
    39. GruntGrunt ×2
    40. Mex
    41. GruntGrunt
    42. GuardGuard
    43. Wind
    44. GruntGrunt
    45. GuardGuard
    46. Wind
    47. GuardGuard
    48. Wind
    49. GruntGrunt ×2
    50. Wind
    51. GuardGuard
    52. GruntGrunt ×2
    53. Construction BotCon bot ×2
    54. GuardGuard
    55. GruntGrunt ×3
    56. Radar TowerRadar Tower
    57. GruntGrunt
    58. GuardGuard
    59. GruntGrunt ×3
    60. GuardGuard
    61. GruntGrunt ×3
    62. RattlesnakeRattlesnakenot finished by 15:00
    63. GruntGrunt ×14

Counts are medians over the build's games: half of them build more, half fewer. The example game is [Grump]Matsuri's (39 OS, 03/10/2026); pick another.

Team trades

IN AT LEAST 30% OF ITS GAMES

You hand over

Nothing regular.

You get

  • Tidal Generator4 Tidal from Pondfirst at 0:17 · in 67% of games
  • Advanced Construction Bot1 T2 con bot from Geo or Techfirst at 7:33 · in 66% of games

How it plays out

Typical game of this build, running totals by minute

Metal produced

010k20k30k
0:005:0010:0015:00

metal

Enemy metal destroyed

02.5k5k7.5k
0:005:0010:0015:00

metal

Own metal lost

05k10k
0:005:0010:0015:00

metal

191 games.

Show as table
ByMetal produced: This buildEnemy metal destroyed: This buildOwn metal lost: This build
1:0033100
2:0085800
3:0016238686
4:002684366326
5:003814938875
6:00505116511622
7:00631023642607
8:00765531393548
9:00902136104317
10:001084842455102
11:001278048825948
12:001495252076900
13:001730857597591
14:001971462628368
15:002249370189398
WHAT THE NUMBERS SAY

This build has the worst win rate of the roles shown and trails Suicide front on kills while losing nearly as much metal.

  • + Produces more metal than Suicide front by 15:00 (22286 vs 18297).
  • + T2 constructor lands slightly faster (7:41) than Suicide front's 8:07.
  • − Loses 9797 own metal by 15:00, close to what it destroys (6775).
  • − Wins only 40% of games, well below every other role shown.
THE EXAMPLE YOU ARE READING

[Grump]Matsuri

39.2 OS · 03/10/2026

Open source match ↗

14 received units · includes a constructor
680 metal received · 51621 energy received

Allied construction assistance is unknown. Timings are observations, not a promise of solo reproducibility.

Typical milestones

Bot Lab0:40Middle 50%: 0:33–0:46 · n=179
Advanced Metal Extractor9:12Middle 50%: 8:11–10:29 · n=150

Played most by

Hummell20games of this buildwatermeloans19games of this buildiLike2Eco13games of this buildGeeGee11games of this buildErilium10games of this build